 Dungeon Crawl Stone Soup version 0.28.0-53-g5a82cb258f (webtiles) character file.

Game seed: 7372876889895996545

9026 Melanol the Summoner (level 11, 43/72 HPs)
             Began as a Barachi Summoner on July 2, 2022.
             Was a High Priest of Lugonu.
             Quit the game on level 1 of the Orcish Mines on July 3, 2022.
             The game lasted 02:52:31 (11802 turns).

Melanol the Summoner (Barachi Summoner)            Turns: 11802, Time: 02:52:32

Health: 43/72      AC: 13    Str:  9    XL:     11   Next: 40%
Magic:  7/26       EV: 12    Int: 19    God:    Lugonu [*****.]
Gold:   512        SH:  0    Dex: 14    Spells: 18/33 levels left

rFire   + . .      SeeInvis .   V - +0 mace (drain)
rCold   . . .      Faith    .   (no shield)
rNeg    . . .      Spirit   .   j - +0 troll leather armour
rPois   .          Reflect  .   (no helmet)
rElec   +          Harm     .   y - +0 cloak
rCorr   .          Rampage  .   (no gloves)
Will    .....                   e - +0 pair of boots
Stlth   ++........              (no amulet)
HPRegen 1.02/turn               d - ring of protection from fire
MPRegen 0.20/turn               I - +4 ring of protection

@: marked, slow
A: amphibious, slowness 1, strong legs 1, +LOS, iridescent scales 1, electricity
resistance
a: Hop, Renounce Religion, Depart the Abyss, Bend Space, Banish, Corrupt, Enter
the Abyss


You were on level 1 of the Orcish Mines.
You worshipped Lugonu.
Lugonu was extremely pleased with you.
You visited 2 branches of the dungeon, and saw 12 of its levels.

You collected 512 gold pieces.

Inventory:

Hand Weapons
 c - a +0 shortbow
 g - a +0 dagger of venom
 m - a +0 vorpal battleaxe
 q - a +1 whip of venom
 w - a +0 dagger of pain
 D - a +2 dagger of protection
 E - a +2 halberd of venom
 G - a +5 hand axe
 P - a +1 battleaxe of freezing
 S - a +4 morningstar
 V - a +0 mace of draining (weapon)
 Y - a +2 short sword of freezing
Missiles
 a - 2 atropa-tipped darts
 s - 48 bolts
 u - 24 arrows
 T - a throwing net (quivered)
Armour
 e - a +0 pair of boots (worn)
 f - the +3 plate armour of the Well-Known Towns {rPois rN+ Str-2 Dex+2 Stlth+}
   (You found it on level 10 of the Dungeon)

   Str:       It affects your strength (-2).
   Dex:       It affects your dexterity (+2).
   rPois:     It protects you from poison.
   rN:        It protects you from negative energy.
   Stlth:     It makes you more stealthy.
 j - a +0 troll leather armour (worn)
 l - a +1 ring mail of cold resistance
 x - the +18 Lear's hauberk
   (You found it on level 10 of the Dungeon)
 y - a +0 cloak (worn)
 U - +0 steam dragon scales
 Z - a +2 plate armour of positive energy
Jewellery
 d - a ring of protection from fire (left hand)
 v - a ring of ice
 I - a +4 ring of protection (right hand)
 N - a ring of positive energy
Wands
 h - a wand of digging (3)
 n - a wand of iceblast (9)
 r - a wand of polymorph (5)
 L - a wand of acid (7)
 O - a wand of charming (19)
 Q - a wand of mindburst (26)
 X - a wand of paralysis (9)
Scrolls
 b - a scroll of fog
 o - 4 scrolls of teleportation
 p - a scroll of torment
 A - a scroll of immolation
 C - a scroll of fear
 J - 2 scrolls of noise
 M - 2 scrolls of magic mapping
Potions
 i - a potion of mutation
 k - 7 potions of curing
 t - 3 potions of might
 z - a potion of degeneration {unknown}
 B - a potion of haste
 F - a potion of lignification
 H - 2 potions of brilliance
 K - a potion of berserk rage {unknown}


   Skills:
 - Level 2.0 Fighting
 + Level 3.8 Armour
 - Level 2.1 Dodging
 - Level 2.1 Stealth
 - Level 11.6 Spellcasting
 - Level 14.0 Summonings
 - Level 6.3 Air Magic


You had 18 spell levels left.
You knew the following spells:

 Your Spells              Type           Power      Damage    Failure   Level
a - Summon Small Mammal   Summ           100%       N/A       1%          1
b - Call Canine Familiar  Summ           59%        N/A       1%          3
c - Call Imp              Summ           59%        N/A       1%          2
d - Poisonous Vapours     Pois/Air       46%        N/A       3%          2
e - Summon Lightning Spi  Summ/Air       49%        N/A       1%          4
f - Summon Guardian Gole  Hex/Summ       37%        N/A       1%          3

Your spell library contained the following spells:

 Spells                   Type           Power      Damage    Failure   Level
 Static Discharge         Conj/Air       23%        N/A       3%          2
 Sting                    Tmut/Pois      44%        1d5       9%          1
 Tukima's Dance           Hex            11%        N/A       26%         3
 Anguish                  Hex/Necr       5%         N/A       65%         4
 Dispel Undead            Necr           11%        3d9       65%         4
 Leda's Liquefaction      Hex/Erth       5%         N/A       65%         4
 Olgreb's Toxic Radiance  Pois           11%        N/A       65%         4
 Sticky Flame             Conj/Fire      11%        2d3       65%         4
 Lee's Rapid Deconstruct  Erth           5%         3d7*      94%         5
 Statue Form              Tmut/Erth      7%         N/A       100%        6
 Enfeeble                 Hex            5%         N/A       100%        7


Dungeon Overview and Level Annotations

Branches:
Dungeon (11/15)            Temple (0/1) D:5             Orc (1/2) D:11
   Lair: D:8-11

Altars:
Dithmenos
Elyvilon
Xom
Yredelemnul
Lugonu

Shops:
D:1 [   D:5 *   D:7 (


Innate Abilities, Weirdness & Mutations

You are amphibious.
You cover ground slowly.
You can hop short distances.
You have an extended range of vision and can be seen from far away.
You are partially covered in iridescent scales. (AC +2)
You are resistant to electric shocks. (rElec)


Message History

Lugonu accepts your kill. Something misses your crimson imp.
Your crimson imp barely misses the orc priest.
You closely miss the orc priest.
The orc priest is moderately wounded.
Your quokka misses the orc priest. The orc priest hits you with a +0 mace.
Something misses your crimson imp.
Your crimson imp hits the orc priest.
Your quokka bites the orc priest but does no damage.
You closely miss the orc priest.
The orc priest is moderately wounded.
The orc priest hits you with a +0 mace. Something hits your crimson imp.
Your warg bites the orc priest!
The orc priest dies!
Lugonu accepts your kill.
Your warg barely misses something.
Your warg closely misses something.
Something hits your warg.
Your warg bites something!
Something hits you.
Your crimson imp barely misses something.
Your warg closely misses something.
You miss something.
Your warg bites something!
Lugonu accepts your kill.
Reactivating autopickup.
You feel a bit more experienced.
Unknown command.
You swap places.
You now have 512 gold pieces (gained 17).
Things that are here:
a +0 dagger; a +0 robe Saving game... please wait.
You feel an oppressive heat about you.
There is an entrance to a volcano on this level.
Hurry and find it before the entrance collapses!
Welcome back, Melanol the Barachi Summoner.
Lugonu says: Spread carnage and corruption!
Press ? for a list of commands and other information.
You feel an oppressive heat about you.
There is an entrance to a volcano on this level.
Hurry and find it before the entrance collapses!
Welcome back, Melanol the Barachi Summoner.
Lugonu says: Spread carnage and corruption!
Press ? for a list of commands and other information.
Are you sure you want to abandon this character and quit the game? (Confirm with "yes".)

##....... #....#..#
##.......#
#........## #
##.........# .#
#.........### ..#
#^..........#...#
##.....)[5[......#.
#....<>..h@.....(..
#........r......(..
#.....$[)........##
#............#...#
##......[.....#.##
#.................
#...#...#.....#....
#...####......#.. #
##.# #.##... .#


You could see a friendly warg (summoned), a friendly crimson imp (summoned) and
a friendly quokka (summoned).

Vanquished Creatures
  A steam dragon (D:8)
  An ogre (Orc:1)
  A phantom (D:5)
  A wyvern zombie (D:8)
  A water moccasin zombie (D:5)
  An electric eel (D:10)
  A lava snake (D:10)
  A hound (D:4)
  3 adders (D:2)
  A shadow imp (D:8)
  3 orcs
  A ball python (D:2)
  A jackal (D:1)
  3 bats
  A frilled lizard (D:1)
  3 goblins
  A kobold (D:2)
25 creatures vanquished.

Vanquished Creatures (collateral kills)
  A deep elf pyromancer (D:6)
  Maurice (D:8)
  2 yaks (D:8)
  A wyvern (D:7)
  A basilisk (D:10)
  A steam dragon (D:7)
  An acid dragon (D:9)
  A water moccasin (D:7)
  4 orc warriors
  2 black bears
  A necrophage (D:6)
  4 ice beasts
  5 ogres
  4 centaurs
  A phantom (D:6)
  A gnoll sergeant (D:10)
  2 bullfrogs (D:9)
  3 scorpions (D:5)
  A water moccasin skeleton (D:4)
  8 killer bees (D:9)
  7 wights
  A nameless horror (D:6)
  2 electric eels
  2 howler monkeys (D:9)
  4 centaur zombies
  4 hounds
  6 orc priests
  A bullfrog skeleton (D:5)
  A centaur skeleton (D:4)
  A gnoll shaman (D:8)
  Jessica (D:2)
  Natasha (thrice) (D:2)
  2 iguanas
  6 orc wizards
  A hound zombie (D:5)
  A hound skeleton (D:4)
  8 gnolls
  3 adders
  A shadow imp (D:8)
  A white imp (D:6)
  An ufetubus (D:6)
  2 dart slugs
  25 orcs
  8 endoplasms
  2 giant cockroaches
  4 goblins
  2 hobgoblins (D:1)
  2 jackals (D:1)
  4 quokkas
  8 ball pythons
  5 bats
  3 frilled lizards
  6 kobolds
  5 rats
178 creatures vanquished.

Vanquished Creatures (others)
  2 two-headed ogres (D:10)
  2 trolls (D:10)
  2 yaks (D:8)
  An orc warrior (Orc:1)
  5 killer bees (D:9)
  A gnoll (D:8)
  2 fungi (D:1)
  4 plants
19 creatures vanquished.

Grand Total: 222 creatures vanquished

Notes
Turn   | Place    | Note
-------+----------+-------------------------------------------
     0 | D:1      | Melanol the Barachi Summoner began the quest for the Orb.
     0 | D:1      | Reached XP level 1. HP: 13/13 MP: 3/3
    30 | D:1      | Reached skill level 5 in Summonings
   253 | D:1      | Reached XP level 2. HP: 18/19 MP: 5/5
   653 | D:1      | Found Uklohuypt's Armour Shop.
   793 | D:1      | Found a faded altar of an unknown god.
   797 | D:1      | Prayed at the altar of an unknown god.
   797 | D:1      | Became a worshipper of Lugonu the Unformed
   797 | D:1      | Reached * piety under Lugonu
   797 | D:1      | Reached ** piety under Lugonu
   832 | D:1      | Reached XP level 3. HP: 24/24 MP: 3/6
   876 | D:1      | Reached skill level 6 in Summonings
  1318 | D:2      | Noticed Jessica
  1323 | D:2      | Learned a level 3 spell: Call Canine Familiar
  1327 | D:2      | Killed Jessica
  1328 | D:2      | Reached XP level 4. HP: 29/30 MP: 1/7
  1671 | D:2      | Noticed Natasha
  1683 | D:2      | Killed Natasha
  1684 | D:2      | Reached skill level 7 in Summonings
  2149 | D:2      | Reached skill level 1 in Air Magic
  2149 | D:2      | Reached XP level 5. HP: 11/35 MP: 2/8
  2393 | D:2      | Noticed Natasha
  2448 | D:2      | Killed Natasha
  2898 | D:2      | Noticed Natasha
  2911 | D:2      | Killed Natasha
  2985 | D:2      | You fall into a shaft and drop 2 floors!
  2996 | D:3      | Found a white marble altar of Elyvilon.
  3261 | D:2      | Learned a level 2 spell: Call Imp
  3718 | D:3      | Reached *** piety under Lugonu
  3719 | D:3      | Reached XP level 6. HP: 39/41 MP: 8/11
  3850 | D:3      | Found a basalt altar of Yredelemnul.
  4053 | D:4      | Found a shadowy altar of Dithmenos.
  4112 | D:4      | Noticed an ice beast
  4142 | D:4      | HP: 2/41 [ice beast (14)]
  4152 | D:4      | Killed an ice beast
  4470 | D:4      | Noticed a black bear
  4487 | D:4      | Killed a black bear
  4658 | D:4      | Reached skill level 5 in Air Magic
  4658 | D:4      | Reached XP level 7. HP: 39/46 MP: 8/12
  4798 | D:4      | Gained mutation: You are partially covered in iridescent
                  | scales. (AC +2) [potion of mutation]
  4798 | D:4      | Gained mutation: You are resistant to electric shocks.
                  | (rElec) [potion of mutation]
  5114 | D:5      | Entered Level 5 of the Dungeon
  5331 | D:5      | Learned a level 2 spell: Poisonous Vapours
  5346 | D:5      | Learned a level 4 spell: Summon Lightning Spire
  6161 | D:6      | Reached skill level 5 in Spellcasting
  6161 | D:6      | Reached XP level 8. HP: 38/52 MP: 8/15
  6386 | D:5      | Reached skill level 8 in Summonings
  6508 | D:5      | Found a staircase to the Ecumenical Temple.
  6649 | D:5      | Reached skill level 9 in Summonings
  6765 | D:5      | Found Veidit's Assorted Antiques.
  6771 | D:5      | Reached **** piety under Lugonu
  6789 | D:5      | lvl 5 960 g mirror
  6918 | D:5      | Reached skill level 10 in Summonings
  6922 | D:5      | Learned a level 3 spell: Summon Guardian Golem
  7168 | D:6      | Reached XP level 9. HP: 57/57 MP: 8/18
  7267 | D:6      | Noticed a deep elf pyromancer
  7271 | D:6      | Killed a deep elf pyromancer
  7272 | D:6      | Reached skill level 11 in Summonings
  7593 | D:7      | Reached skill level 12 in Summonings
  7696 | D:7      | Noticed a six-headed hydra
  7697 | D:7      | Found Qaemaj's Hydra Hut.
  7705 | D:7      | lvl 7 hydra
  8046 | D:7      | Reached skill level 13 in Summonings
  8531 | D:8      | Reached XP level 10. HP: 57/63 MP: 9/19
  8535 | D:8      | Reached skill level 14 in Summonings
  8790 | D:8      | Noticed Maurice
  8817 | D:8      | Killed Maurice
  9535 | D:8      | Found a shimmering altar of Xom.
 10295 | D:9      | Reached ***** piety under Lugonu
 10488 | D:10     | Entered Level 10 of the Dungeon
 10547 | D:10     | Identified the +3 plate armour of the Well-Known Towns
                  | {rPois rN+ Str-2 Dex+2 Stlth+}
 10581 | D:10     | Reached skill level 10 in Spellcasting
 10679 | D:10     | Noticed a two-headed ogre
 10687 | D:10     | Killed a two-headed ogre
 10688 | D:10     | Reached XP level 11. HP: 68/68 MP: 19/25
 10742 | D:10     | Noticed a two-headed ogre
 10774 | D:10     | Killed a two-headed ogre
 11314 | D:10     | Reached skill level 1 in Fighting
 11314 | D:10     | Reached skill level 1 in Armour
 11518 | D:10     | Found the +18 Lear's hauberk
 11743 | D:11     | Found a staircase to the Orcish Mines.
 11764 | Orc:1    | Entered Level 1 of the Orcish Mines
 11802 | Orc:1    | Quit the game

Illustrated notes ### ######## #... #########......# #.... +....(.8'......# #..... #<....))#......# #......#.#....)#......# #.......@h.....#......# ########.#.#####......# #...# #......# ##### #.[....# #......# #.###### #......# ##.....# #......# Turn 6789 on D:5: lvl 5 960 g mirror

..#......####..........#
####..#..# #..........#
#.....# #..........#
#.#...# #..........#
#.#....#########.####
#.............##..#
#.............###.#
#.............9...#
#............@5...#
.............#
#.....#####..# #....
#.D.#..# #... #.P≈#..#
### #####..# ..## ###


Turn 7705 on D:7: lvl 7 hydra

Levels and vault maps discovered:
D:1:      dpeg_arrival_radiant, layout_basic, serial_shops,
          nicolae_lakefront_shop, shapermc_ecumenical_altar_petra
D:2:      layout_loops_cross, uniq_natasha, uniq_jessica
D:3:      layout_rooms, kennysheep_ying_yang
D:4:      layout_basic, lemuel_tele_altar
D:5:      layout_gridville, minmay_temple_entry_hall, serial_shops,
          nicolae_shop_crystal
D:6:      layout_cave_pools, nicolae_ossuary_entry_plus,
          guppyfry_early_elven_hall
D:7:      layout_rooms, nicolae_water_bricks, doesnt_shop_hydraphobe
D:8:      layout_cave_pools, tgw_xom, uniq_maurice
D:9:      layout_small_grid, ebering_dispersal_statue_hall,
          kennysheep_generic_room_6
D:10:     layout_loops_corners, nicolae_lava_and_water
D:11:     layout_stronghold, due_lair_maze_entry_diamond, david_orc_2
Orc:1:    layout_caves, enter_volcano_3

Skill      XL: |  1  2  3  4  5  6  7  8  9 10 11 |
---------------+----------------------------------+-----
Summonings     | 5 6 7 10 13 14 | 14.0
Stealth        | 2 |  2.1
Air Magic      | 1 2 5 6 |  6.3
Spellcasting   | 3 5 6 10 11 | 11.6
Fighting       | 2 |  2.0
Armour         | 3 |  3.8
Dodging        | |  2.1

Action                   |  1- 3 |  4- 6 |  7- 9 | 10-12 || total
-------------------------+-------+-------+-------+-------++-------
Melee: Unarmed           |    38 |       |       |       ||    38
       Hand axe          |    21 |       |       |     6 ||    27
       Punch             |     1 |     1 |     1 |     2 ||     5
       Dagger            |    15 |    86 |   108 |    74 ||   283
       Mace              |       |       |       |     6 ||     6
       Whip              |       |       |       |     1 ||     1
 Fire: Shortbow          |       |       |       |     2 ||     2
Throw: Stone             |       |     1 |     6 |     1 ||     8
 Cast: Summon Small Mamm |    38 |    59 |    60 |    40 ||   197
       Call Canine Famil |     1 |    10 |    21 |    15 ||    47
       Call Imp          |       |     8 |    17 |    17 ||    42
       Poisonous Vapours |       |       |    18 |    12 ||    30
       Summon Lightning  |       |       |    14 |    22 ||    36
       Summon Guardian G |       |       |     6 |    18 ||    24
Invok: Bend Space        |       |     1 |       |       ||     1
 Abil: Hop               |     1 |     3 |     2 |     2 ||     8
  Use: Scroll            |       |       |    14 |     2 ||    16
       Potion            |       |       |     2 |     1 ||     3
 Stab: Distracted        |       |     1 |       |     1 ||     2
       Sleeping          |       |       |     2 |       ||     2
Armor: Robe              |    22 |    17 |    34 |       ||    73
       Steam dragon scal |       |       |       |    26 ||    26
       Skin              |       |       |       |     5 ||     5
       Troll leather arm |       |       |       |    28 ||    28
Dodge: Dodged            |    52 |    59 |    58 |    83 ||   252
Block: Buckler           |     9 |     3 |     9 |       ||    21
